Map: Acropolis LE

Players

Astrea - Winner!

  • Race: Protoss Protoss
  • Spawn Location: 11:00

penny

  • Race: Protoss Protoss
  • Spawn Location: 5:00

VOD

Have the link to the VOD?

Description

Time

  • Played on: Sept. 6, 2019, 12:26 p.m.
  • Length: 7:17
Show
View Real Time Build Order
Export as new Build Order

Astrea Protoss - Winner!

Build Orders:  

Get SALT Encoding   

  12  0:00  Probe  
  13  0:13  Probe  
  14  0:17  Pylon  
  14  0:23  Probe  
  15  0:31  Probe  
  15  0:39  Gateway, Probe  
  16  0:45  Assimilator  
  17  0:51  Probe  
  17  0:54  Assimilator  
  18  0:59  Probe  
  19  1:06  Gateway  
  19  1:07  Probe  
  19  1:17  Probe  
  21  1:26  Cybernetics Core  
  21  1:29  Probe  
  22  1:34  Pylon  
  22  1:41  Probe  
  23  1:52  Warp Gate  
  23  1:54  Probe  
  24  2:03  Stalker x2  
  24  2:06  Probe  
  29  2:11  Pylon  
  29  2:19  Probe  
  30  2:33  Stalker x2  
  30  2:35  Probe  
  35  2:42  Pylon  
  35  2:49  Probe  
  36  2:51  Robotics Facility  
  36  3:03  Stalker  
  36  3:04  Stalker  
  40  3:28  Warp Prism  
  40  3:34  Pylon  
  42  3:46  Stalker x2  
  46  3:56  Pylon  
  46  4:10  Observer  
  46  4:12  Adept x2  
  51  4:24  Nexus  
  51  4:33  Adept x2  
  51  4:35  Probe  
  56  4:47  Probe  
  56  4:49  Observer  
  57  4:57  Sentry x2  
  57  4:59  Probe  
  62  5:00  Robotics Bay  
  62  5:07  Pylon  
  62  5:08  Pylon  
  62  5:11  Probe  
  63  5:20  Observer  
  63  5:25  Probe  
  64  5:36  Probe  
  64  5:37  Probe  
  64  5:38  Disruptor  
  66  5:48  Probe  
  66  5:49  Probe  
  71  5:56  Pylon  
  71  6:00  Gateway, Probe  
  71  6:02  Probe  
  67  6:09  Disruptor  
  67  6:10  Adept x2  
  70  6:13  Probe  
  70  6:14  Probe  
  75  6:25  Probe  
  74  6:26  Probe  
  75  6:37  Probe  
  75  6:38  Probe, Assimilator  
  75  6:39  Disruptor  
  77  6:41  Assimilator  
  78  6:48  Twilight Council  
  78  6:49  Probe  
  78  6:50  Probe  
  78  6:53  Gateway  
  80  6:54  Adept x2  
  80  6:58  Gateway  
  80  6:59  Adept  
Show
View Real Time Build Order
Export as new Build Order

penny Protoss 

Build Orders:  

Get SALT Encoding   

  12  0:01  Probe  
  13  0:13  Probe  
  14  0:22  Pylon  
  14  0:25  Probe  
  15  0:36  Probe  
  15  0:41  Gateway  
  16  0:44  Probe  
  16  0:47  Assimilator  
  17  0:55  Probe  
  17  0:57  Assimilator  
  18  1:07  Gateway  
  18  1:10  Probe  
  19  1:22  Probe  
  20  1:31  Cybernetics Core  
  20  1:37  Pylon  
  20  1:41  Probe  
  21  1:55  Probe  
  22  2:07  Stalker  
  22  2:08  Warp Gate, Sentry  
  26  2:16  Probe  
  27  2:27  Pylon  
  27  2:28  Probe  
  28  2:35  Stalker  
  30  2:44  Probe, Robotics Facility  
  30  2:52  Stalker  
  32  3:05  Probe  
  33  3:16  Shield Battery  
  33  3:17  Probe  
  34  3:21  Immortal  
  34  3:29  Probe  
  39  3:48  Nexus  
  39  3:55  Pylon  
  39  4:06  Observer  
  39  4:09  Shield Battery  
  39  4:14  Stalker  
  39  4:15  Stalker  
  44  4:23  Probe  
  45  4:41  Pylon  
  45  4:43  Probe  
  46  4:50  Immortal  
  44  4:58  Stalker  
  50  5:06  Probe x2  
  52  5:10  Stalker  
  54  5:18  Twilight Council  
  54  5:35  Stalker x2  
  56  5:44  Probe  
  56  5:47  Pylon  
  56  5:48  Probe  
  58  5:53  Robotics Bay  
  58  5:57  Immortal  
  58  6:00  Pylon  
  58  6:04  Probe  
  58  6:06  Probe  
  63  6:16  Probe  
  52  6:29  Observer  
  52  6:30  Probe  
  48  6:34  Probe  
  48  6:38  Probe  
  51  6:46  Probe  
  53  6:48  Probe  
  54  6:58  Probe  
Tags
 
Matchup
PvP
Player
Astrea
Spawn Locations
Cross Positions
Add a new tag
Caveats
  • Supply blocks, unpowered buildings, or Contaminate may cause inaccurate times.
  • Supply counts are checked every 10 seconds.